 Dungeon Crawl Stone Soup version 0.24.0-2-g5b39cebb1c (webtiles) character file.

Game seed: 2451072977487668561, levelgen mode: deterministic

46617 Aviak the Severer (level 14, -5/135 HPs)
             Began as a Hill Orc Assassin on Oct 29, 2019.
             Was a Priest of Qazlal.
             Slain by a spiny frog (18 damage)
             ... on level 6 of the Lair of Beasts.
             The game lasted 00:28:09 (20543 turns).

Aviak the Severer (Hill Orc Assassin)              Turns: 20543, Time: 00:28:10

Health: -5/135     AC: 18    Str: 28    XL:     14   Next: 38%
Magic:  21/23      EV: 10    Int: 11    God:    Qazlal [***...]
Gold:   1050       SH:  0    Dex:  8    Spells: 13/13 levels left

rFire    + + .     SeeInvis .   R - +6 war axe of Vemeru {freeze, Fragile rElec Str+6 Dex-4}
rCold    + + .     Gourm    .   (no shield)
rNeg     . . .     Faith    +   w - +2 chain mail {rC+}
rPois    +         Spirit   .   k - +0 hat of Calculation {rF+} (curse)
rElec    +         Reflect  .   d - scarf {rC+ rF+}
rCorr    .         Harm     .   X - +0 pair of gloves
MR       +....                  (no boots)
Stlth    ..........             I - amulet of Obsession {Faith Str+3}
HPRegen  0.32/turn              P - ring of poison resistance
MPRegen  0.18/turn              A - +2 ring of protection

@: confused, lethally poisoned (-5 -> -15), hasted, very quick
A: no striking features
a: Upheaval, Elemental Force, Renounce Religion


You were on level 6 of the Lair of Beasts.
You worshipped Qazlal.
Qazlal was most pleased with you.
You were not hungry.

You visited 3 branches of the dungeon, and saw 18 of its levels.
You also visited: Ossuary and Gauntlet.

You collected 1050 gold pieces.

Inventory:

Hand Weapons
 c - the +5 war axe of Pandemonium {drain, rElec rC+ SInv, unknown}
   (You found it on level 5 of the Lair of Beasts)

   A truly terrible weapon, it drains the life of those it strikes.
   It protects you from cold.
   It insulates you from electricity.
   It lets you see invisible.
 Q - a +0 war axe of chopping
 R - the +6 war axe of Vemeru (weapon) {freeze, Fragile rElec Str+6 Dex-4}
   (You took it off a crimson imp on level 8 of the Dungeon)

   It has been specially enchanted to freeze those struck by it, causing extra
   injury to most foes and up to half again as much damage against particularly
   susceptible opponents.
   It can also slow down cold-blooded creatures.
   It affects your strength (+6).
   It affects your dexterity (-4).
   It insulates you from electricity.
   It will be destroyed if unequipped.
 U - a +1 hand axe of flaming
Armour
 d - a scarf of resistance (worn)
 k - the cursed +0 hat of Calculation (worn) {rF+}
   (You found it in a Gauntlet)

   It protects you from fire.
   It has a curse placed upon it.
 l - a +1 hat of magic resistance
 p - a +0 crystal plate armour
 w - a +2 chain mail of cold resistance (worn)
 M - a +1 chain mail of fire resistance
 X - a +0 pair of gloves (worn)
Jewellery
 v - an uncursed ring of fire
 A - a +2 ring of protection (right hand)
 F - an uncursed ring of wizardry
 I - the amulet of Obsession (around neck) {Faith Str+3}
   (You found it in a Gauntlet)

   [amulet of faith]

   It allows you to gain divine favour quickly.
   It affects your strength (+3).
 P - a ring of poison resistance (left hand)
Wands
 a - a wand of digging (8)
 G - a wand of polymorph (8)
 J - a wand of disintegration (7)
 L - a wand of iceblast (4)
 O - a wand of acid (3)
 S - a wand of enslavement (19)
 V - a wand of paralysis (15)
 W - a wand of flame (27)
 Z - a wand of random effects (15)
Scrolls
 e - a scroll of brand weapon
 i - 2 scrolls of identify
 m - 4 scrolls of fog
 o - 3 scrolls of enchant armour
 q - 3 scrolls of immolation
 r - 5 scrolls of remove curse
 t - 7 scrolls of teleportation
 x - 4 scrolls of blinking
 y - a scroll of amnesia
 z - a scroll of random uselessness
 D - 5 scrolls of magic mapping
 E - 2 scrolls of fear
 K - 2 scrolls of enchant weapon
Potions
 b - a potion of berserk rage
 f - 2 potions of haste
 g - 6 potions of might
 h - 3 potions of heal wounds
 j - a potion of ambrosia
 n - 5 potions of flight
 u - 3 potions of agility
 B - 4 potions of mutation {!q}
 H - 2 potions of lignification {unknown}
 N - 3 potions of cancellation {unknown}
 T - a potion of invisibility {unknown}
Comestibles
 s - 5 chunks of flesh
 C - 37 rations


   Skills:
 + Level 15.2 Fighting
   Level 2.0 Short Blades
 + Level 15.9 Axes
 - Level 1.7 Throwing
 - Level 13.6 Armour
 + Level 2.6 Dodging
 - Level 3.2 Stealth
 + Level 12.5 Invocations


You had 13 spell levels left.
You didn't know any spells.
Your spell library contained the following spells:

 Spells                   Type           Power        Failure   Level  Hunger
 Beastly Appendage        Tmut           #.....       78%         1    ##.....
 Confusing Touch          Hex            #.....       78%         1    ##.....
 Flame Tongue             Conj/Fire      #....        78%         1    ##.....
 Magic Dart               Conj           #...         78%         1    ##.....
 Blink                    Tloc           N/A          89%         2    ###....
 Call Imp                 Summ           #.......     89%         2    ###....
 Slow                     Hex            #.......     89%         2    ###....
 Sticks to Snakes         Tmut           #.......     89%         2    ###....
 Throw Flame              Conj/Fire      #.....       89%         2    ###....
 Confuse                  Hex            #.......     98%         3    ####...
 Conjure Flame            Conj/Fire      #.......     98%         3    ####...
 Gell's Gravitas          Tloc           #.........   98%         3    ####...
 Inner Flame              Hex/Fire       #.......     98%         3    ####...
 Mephitic Cloud           Conj/Pois/Air  #.......     98%         3    ####...
 Spider Form              Tmut/Pois      #.........   98%         3    ####...
 Ice Form                 Ice/Tmut       #.......     100%        4    #####..
 Petrify                  Tmut/Erth      #.......     100%        4    #####..
 Sticky Flame             Conj/Fire      #.......     100%        4    #####..
 Blade Hands              Tmut           #.........   100%        5    ######.
 Fireball                 Conj/Fire      #.........   100%        5    ######.
 Metabolic Englaciation   Hex/Ice        #.........   100%        5    ######.
 Yara's Violent Unravell  Hex/Tmut       #.........   100%        5    ######.


Dungeon Overview and Level Annotations

Branches:
Dungeon (11/15)            Temple (1/1) D:7            Lair (6/6) D:8
 Shoals (0/4) Lair:3        Snake (0/4) Lair:3        Slime (0/5) Lair:5
    Orc (0/2) D:11        Ossuary (visited)         Gauntlet (visited)

Altars:
Ashenzari
Cheibriados
Dithmenos
Elyvilon
Fedhas
Gozag
Hepliaklqana
Kikubaaqudgha
Makhleb
Nemelex Xobeh
Okawaru
Qazlal
Ru
Sif Muna
Trog
Uskayaw
Vehumet
Wu Jian
Xom
Yredelemnul
Zin
The Shining One

Shops:
D:9 *

Annotations:
D:6 2 runed translucent doors
Lair:2 3 runed translucent doors, grouchysmurf's ghost, journeyman MfBe
Lair:3 exclusion: 4 oklob plants
Lair:5 exclusion: 3 oklob plants


Message History

Aim: a rime drake (catching its breath)
A blizzard blasts the area with ice!
The blast of ice hits the rime drake!!
The rime drake partially resists.
You kill the rime drake!
Qazlal accepts your kill. The black mamba bites you.
* * * LOW HITPOINT WARNING * * *
You are more poisoned.
The black mamba poisons you! The black mamba bites you!
* * * LOW HITPOINT WARNING * * *
Okay, then.
Okay, then.
Okay, then.
You are confused.
You feel invigorated.
You feel sick. The black mamba barely misses you.
The ice encasing you melts away.
You feel sick. The black mamba bites you!
* * * LOW HITPOINT WARNING * * *
The spiny frog stings you!!
You die...

...... .#.# ##.#
##....##...# #...#
#.........##
.....###.....P....
......#.....#P....
#....P#..†..#P..#
......#.%÷##...#
.P#.F°.†.#...#
.##.P@..†....###.
......S....#..P...#
...........†.......
..........?........
.......†.<.........
...................
...................
##.##.......###...#
##.....## #...


You could see a black mamba and a spiny frog.

Vanquished Creatures
  A minotaur (Gauntlet)
  A death ooze (Gauntlet)
  2 hydras
  2 catoblepae (Lair:5)
  A two-headed ogre (D:11)
  A thrashing horror (Gauntlet)
  4 death yaks (Lair:5)
  A sixfirhy (Gauntlet)
  An unseen horror (D:11)
  A manticore (D:11)
  9 elephants
  2 black mambas
  7 spiny frogs
  5 rime drakes
  7 komodo dragons
  A queen bee (Lair:3)
  A troll (D:8)
  Grinder (D:4)
  3 polar bears
  6 dream sheep (Lair:6)
  12 blink frogs
  3 slime creatures (Gauntlet)
  9 hippogriffs
  Sigmund (D:5)
  2 wraiths
  2 spriggans
  A shadow (D:11)
  3 wyverns
  23 yaks
  5 nagas (Lair:3)
  5 porcupines
  18 water moccasins
  5 sky beasts
  8 orc warriors
  4 ice beasts
  3 small abominations (Gauntlet)
  A phantom (D:11)
  37 wolves
  5 ogres
  A necrophage (D:6)
  10 centaurs
  18 crocodiles
  14 bullfrogs
  4 scorpions
  39 killer bees
  A water moccasin skeleton (D:7)
  5 wights (D:7)
  2 electric eels (D:8)
  7 crimson imps
  A bullfrog zombie (D:5)
  15 hounds
  A quasit (D:10)
  A human zombie (Ossuary)
  2 centaur zombies
  3 bullfrog skeletons
  A centaur skeleton (D:9)
  5 orc priests
  9 jellies
  4 iguanas
  Natasha (D:3)
  17 orc wizards
  11 worker ants
  2 hound skeletons
  3 mummies (Ossuary)
  2 worker ant zombies
  Robin (D:4)
  5 gnolls (D:8)
  2 howler monkey skeletons
  A river rat (Lair:3)
  13 adders
  3 shadow imps
  3 ufetubi (Gauntlet)
  An adder zombie (D:8)
  An adder skeleton (D:6)
  5 worms
  A dart slug (D:1)
  4 leopard geckos
  54 orcs
  5 bats
  9 giant cockroaches
  15 goblins
  12 hobgoblins
  13 jackals
  6 kobolds
  5 quokkas
  4 frilled lizards
  3 goblin zombies (Ossuary)
  2 hobgoblin zombies (Ossuary)
  2 jackal zombies
  6 kobold zombies (Ossuary)
  9 rats
  A fungus (Lair:2)
  2 plants (Lair:2)
571 creatures vanquished.

Vanquished Creatures (collateral kills)
  2 rime drakes (Lair:3)
  A yak (Lair:3)
  A basilisk (Lair:3)
  A naga (Lair:3)
  3 killer bees (Lair:3)
8 creatures vanquished.

Vanquished Creatures (others)
  2 killer bees (D:9)
  An orc (D:8)
  4 fungi
  2 plants
9 creatures vanquished.

Grand Total: 588 creatures vanquished

Notes
Turn   | Place    | Note
-------+----------+-------------------------------------------
     0 | D:1      | Aviak the Hill Orc Assassin began the quest for the Orb.
     0 | D:1      | Reached XP level 1. HP: 18/18 MP: 1/1
    61 | D:1      | Reached skill level 1 in Dodging
   225 | D:1      | Reached XP level 2. HP: 25/25 MP: 2/2
  1095 | D:2      | Reached XP level 3. HP: 31/31 MP: 3/3
  1109 | D:2      | Reached skill level 1 in Armour
  1409 | D:2      | Reached XP level 4. HP: 38/40 MP: 4/4
  1871 | D:2      | Reached skill level 1 in Axes
  1878 | D:2      | Reached XP level 5. HP: 29/47 MP: 5/5
  2371 | D:3      | Noticed Natasha
  2387 | D:3      | Killed Natasha
  2504 | D:3      | Reached skill level 5 in Fighting
  2570 | D:3      | Reached XP level 6. HP: 34/56 MP: 6/6
  3162 | D:4      | Noticed Robin
  3189 | D:4      | Killed Robin
  3233 | D:4      | Noticed Grinder
  3246 | D:4      | Killed Grinder
  3246 | D:4      | Reached XP level 7. HP: 23/63 MP: 7/7
  3708 | D:5      | Entered Level 5 of the Dungeon
  3835 | D:5      | Reached skill level 5 in Axes
  4050 | D:5      | Reached skill level 5 in Armour
  4217 | D:5      | Reached XP level 8. HP: 47/71 MP: 8/8
  4436 | D:5      | Noticed Sigmund
  4452 | D:5      | Killed Sigmund
  4944 | D:5      | Found a basalt altar of Yredelemnul.
  5208 | D:6      | Found a sand-covered staircase.
  5239 | Ossuary  | Entered an ossuary
  5239 | Ossuary  | Noticed a wraith
  5239 | Ossuary  | Noticed a wraith
  5239 | Ossuary  | Noticed a wraith
  5587 | Ossuary  | Noticed a wraith
  5595 | Ossuary  | Killed a wraith
  5871 | D:6      | Reached XP level 9. HP: 58/82 MP: 9/9
  6082 | D:6      | Found a runed translucent door.
  6083 | D:6      | Found a runed translucent door.
  6179 | D:6      | Found a sacrificial altar of Ru.
  7003 | D:7      | Found a shattered altar of Ashenzari.
  7008 | D:7      | Saw a vision of the Shoals and the Snake Pit.
  7008 | D:7      | Noticed a black mamba
  7008 | D:7      | Noticed a naga mage
  7008 | D:7      | Noticed a merfolk
  7008 | D:7      | Noticed a merfolk siren
  7008 | D:7      | Noticed a black mamba
  7008 | D:7      | Noticed an anaconda
  7008 | D:7      | Noticed a naga mage
  7008 | D:7      | Noticed a merfolk siren
  7009 | D:7      | Noticed a merfolk siren
  7085 | D:7      | You fall into a shaft and drop 2 floors!
  7445 | D:8      | Noticed a troll
  7470 | D:8      | Killed a troll
  7531 | D:7      | Reached skill level 10 in Fighting
  7531 | D:7      | Reached XP level 10. HP: 39/93 MP: 10/10
  8390 | D:7      | Reached skill level 10 in Axes
  8685 | D:7      | Found a staircase to the Ecumenical Temple.
  8778 | Temple   | Entered the Ecumenical Temple
  9889 | D:7      | Found a stormy altar of Qazlal.
  9889 | D:7      | Found a bloodstained altar of Trog.
  9935 | D:7      | Became a worshipper of Qazlal Stormbringer
 10439 | D:8      | Reached * piety under Qazlal
 11164 | D:8      | Identified the +6 war axe of Vemeru {freeze, Fragile rElec
                  | Str+6 Dex-4}
 11177 | D:8      | Reached skill level 1 in Invocations
 11302 | D:8      | Found a staircase to the Lair.
 11312 | D:8      | Reached ** piety under Qazlal
 11683 | D:8      | Found a shimmering blue altar of Sif Muna.
 12033 | D:9      | Found Taplessea's Demolitions Depot.
 12101 | D:9      | Reached skill level 10 in Armour
 12643 | D:10     | Entered Level 10 of the Dungeon
 12645 | D:10     | Reached XP level 11. HP: 102/102 MP: 13/13
 12736 | D:10     | Reached *** piety under Qazlal
 13516 | D:11     | Killed an unseen horror
 13584 | D:11     | Reached skill level 5 in Invocations
 13737 | D:11     | Reached **** piety under Qazlal
 13900 | D:11     | Noticed a manticore
 13905 | D:11     | Noticed a two-headed ogre
 13911 | D:11     | Killed a manticore
 13925 | D:11     | Killed a two-headed ogre
 14025 | D:11     | Found a staircase to the Orcish Mines.
 14229 | Lair:1   | Entered Level 1 of the Lair of Beasts
 14229 | Lair:1   | Noticed a seven-headed hydra
 14232 | Lair:1   | Killed a seven-headed hydra
 14305 | Lair:1   | Reached XP level 12. HP: 57/113 MP: 13/17
 15469 | Lair:2   | Reached ***** piety under Qazlal
 15501 | Lair:2   | Found a runed translucent gate.
 15501 | Lair:2   | Found a runed translucent gate.
 15502 | Lair:2   | Found a runed translucent gate.
 15503 | Lair:2   | Noticed grouchysmurf's ghost (journeyman MfBe)
 16457 | Lair:3   | Found a staircase to the Shoals.
 16528 | Lair:3   | Reached XP level 13. HP: 63/123 MP: 17/20
 16540 | Lair:3   | Reached skill level 10 in Invocations
 17491 | Lair:3   | Found a staircase to the Snake Pit.
 18306 | Lair:4   | Reached skill level 15 in Axes
 18909 | Lair:5   | Got a fine war axe
 18960 | Lair:5   | Found a gate leading to a gauntlet.
 18969 | Gauntlet | Entered a Gauntlet
 18969 | Gauntlet | Found a transporter.
 18969 | Gauntlet | Found a transporter.
 18970 | Gauntlet | Found a transporter.
 18973 | Gauntlet | Found a transporter.
 18973 | Gauntlet | Found a transporter.
 18974 | Gauntlet | Found a transporter.
 18985 | Gauntlet | Found a transporter.
 18987 | Gauntlet | Found a transporter.
 18989 | Gauntlet | Found a large runed translucent door.
 18990 | Gauntlet | Found a large runed translucent door.
 18991 | Gauntlet | Found a large runed translucent door.
 18991 | Gauntlet | Found a large runed translucent door.
 18991 | Gauntlet | Found a runed translucent door.
 18992 | Gauntlet | Found a large runed translucent door.
 18994 | Gauntlet | Found a large runed translucent door.
 18994 | Gauntlet | Found a large runed translucent door.
 18995 | Gauntlet | Found a large runed translucent door.
 18996 | Gauntlet | Found a runed translucent gate.
 19002 | Gauntlet | Found a runed translucent gate.
 19002 | Gauntlet | Found a transporter.
 19002 | Gauntlet | Found a transporter.
 19002 | Gauntlet | Found a transporter.
 19003 | Gauntlet | Found a runed translucent gate.
 19003 | Gauntlet | Found a runed translucent door.
 19008 | Gauntlet | Noticed a death ooze
 19099 | Gauntlet | Found a transporter.
 19105 | Gauntlet | Found a large runed translucent door.
 19106 | Gauntlet | Found a large runed translucent door.
 19107 | Gauntlet | Found a large runed translucent door.
 19107 | Gauntlet | Found a large runed translucent door.
 19108 | Gauntlet | Found a large runed translucent door.
 19109 | Gauntlet | Found a large runed translucent door.
 19110 | Gauntlet | Found a large runed translucent door.
 19110 | Gauntlet | Found a large runed translucent door.
 19197 | Gauntlet | Got a bloodstained hat
 19203 | Gauntlet | Identified the cursed +0 hat of Calculation {rF+} (You
                  | found it in a Gauntlet)
 19262 | Gauntlet | Killed a death ooze
 19262 | Gauntlet | Reached XP level 14. HP: 90/133 MP: 22/22
 19405 | Gauntlet | Got a faintly glowing graven amulet
 19408 | Gauntlet | Identified the amulet of Obsession {Faith Str+3} (You found
                  | it in a Gauntlet)
 19819 | Lair:5   | Reached skill level 15 in Fighting
 20491 | Lair:6   | Entered Level 6 of the Lair of Beasts
 20543 | Lair:6   | Slain by a spiny frog

Levels and vault maps discovered:
D:1:      minmay_arrival_plants_in_alcoves, layout_basic
D:2:      layout_loops_ring
D:3:      layout_basic, uniq_natasha
D:4:      layout_basic, uniq_robin, uniq_grinder
D:5:      layout_basic, first_ration, yredelemnul_altar_generic, uniq_sigmund
D:6:      lemuel_insect_pit, layout_basic, nicolae_ru_path_of_blood,
          nicolae_ossuary_entry_false_entrances, minmay_liquid_box,
          minmay_crystal_room
D:7:      layout_loops_corners, gammafunk_temple_overflow_wave,
          minmay_temple_entry_nine_rooms, the_bakery,
          chequers_serial_rivers_micro_d, grunt_ashenzari_visionary
          [grunt_ashenzari_visionary_shoals, grunt_ashenzari_visionary_snake]
D:8:      layout_layer_cave, led_sif_pool, erik_lair_island,
          lightli_bailey_entry_fortress, minmay_joined_circles
D:9:      wander_river, layout_rooms, nicolae_blasting_shop, minmay_hedge_maze
D:10:     layout_long_grid
D:11:     layout_long_grid, hiddenorc1_lemuel
Temple:   eino_narrow_crystal_temple
Lair:1:   layout_regular_city
Lair:2:   layout_cave_pods, ebering_ghost_rock_garden,
          grunt_forest_large_clearing_hut, grunt_megastairs_5,
          infiniplex_staircase_pool_2, serial_bayou_shore_b
Lair:3:   hangedman_what_comes_after_a, layout_chaotic_city, shoals_dummy_entry,
          minmay_snake_entry_guardpost_medium, lemuel_fruit_tree
Lair:4:   layout_roguey, grunt_forest_large_clearings
Lair:5:   layout_hall_layers, minmay_slime_entry_oklob_enclosed,
          gauntlet_entry_generic, minivault_23
Lair:6:   evilmike_catoblepas_cave, layout_regular_city,
          infiniplex_staircase_pool

Skill      XL: |  1  2  3  4  5  6  7  8  9 10 11 12 13 14 |
---------------+-------------------------------------------+-----
Dodging        | 1 2 |  2.6
Fighting       | 3 4 5 6 8 10 11 12 13 14 15 | 15.2
Armour         | 1 2 3 4 5 6 8 10 11 12 13 | 13.6
Axes           | 1 2 4 5 7 9 11 12 14 15 | 15.9
Invocations    | 3 7 9 11 12 | 12.5
Short Blades   | |  2.0
Throwing       | |  1.7
Stealth        | |  3.2

Action                   |  1- 3 |  4- 6 |  7- 9 | 10-12 | 13-15 || total
-------------------------+-------+-------+-------+-------+-------++-------
Melee: Dagger            |   101 |   202 |    78 |       |       ||   381
       Scythe            |       |       |   258 |    48 |       ||   306
       Hand axe          |       |       |       |   273 |       ||   273
       War axe           |       |       |       |   471 |   354 ||   825
Invok: Upheaval          |       |       |       |     8 |     9 ||    17
       Elemental Force   |       |       |       |     1 |     1 ||     2
       Disaster Area     |       |       |       |       |     2 ||     2
Evoke: Wand              |       |       |     6 |    10 |     3 ||    19
  Use: Potion            |       |     2 |     3 |     5 |     6 ||    16
       Scroll            |       |       |     8 |     4 |    10 ||    22
 Stab: Sleeping          |     7 |       |       |       |       ||     7
       Paralysed         |       |       |       |       |     1 ||     1
  Eat: Chunk             |     1 |     7 |    11 |    24 |     4 ||    47
       Ration            |       |       |     1 |     1 |     3 ||     5
Armor: Robe              |     6 |       |       |       |       ||     6
       Scale mail        |    16 |    32 |       |       |       ||    48
       Crystal plate arm |       |    27 |       |       |       ||    27
       Chain mail        |       |    46 |   305 |   457 |   218 ||  1026
Dodge: Dodged            |    51 |    61 |   188 |   353 |   161 ||   814
       Deflected         |       |       |       |       |     3 ||     3
Block: Other             |       |       |       |   107 |    85 ||   192
